[Event "*** Titled Tuesday 3|2 Blitz (Early)"]
[Site "Chess.com"]
[Date "2017.01.03"]
[Round "6"]
[White "bugsbunny444"]
[Black "Fibrinogen"]
[Result "0-1"]
[WhiteElo "2339"]
[BlackElo "2284"]
[TimeControl "180+2"]
[EndTime "12:17:41 PST"]
[Termination "Fibrinogen won by resignation"]

1. Nf3 d6 2. d4 Nf6 3. Nc3 c6 4.
e4 Nbd7 5. a4 a5 6. h3 e5 7. g3 Be7 8. Bg2 O-O 9. O-O Re8 10.
Re1 Bf8 11. Be3 Qc7 12. Nd2 g6 13. Nc4 b6 14. b3 Ba6 15. Bf1 Rad8 16. d5 Nc5 17.
Nxd6 Bxd6 18. Bxc5 Bxc5 19. Bxa6 Bd4 20. Qf3 Kg7 21.
Rac1 cxd5 22. Nxd5 Nxd5 23. exd5 e4 24. Rxe4 Rxe4 25.
Qxe4 Qxg3+ 26. Qg2 Bxf2+ 27. Kh1 Rxd5 28. Rf1 Rd2 29.
Bd3 f5 30. Qb7+ Kh6 31. Qg2 Kg5 32. Qxg3+ Bxg3 33. Rf3 Kh4 34. Bf1 Rxc2 35. Rd3 h5 36. Kg1 g5 37. Rd5 f4 38. Rf5 g4 39. hxg4 hxg4 40.
Rf6 Bf2+ 41. Kh1 Kg3 42. Rd6 Rc1 43. Rd3+ f3 0-1

[Event "*** Titled Tuesday 3|2 Blitz (Early)"]
[Site "Chess.com"]
[Date "2017.01.03"]
[Round "6"]
[White "sandropozo"]
[Black "dretch"]
[Result "0-1"]
[WhiteElo "2418"]
[BlackElo "2611"]
[TimeControl "180+2"]
[EndTime "12:17:51 PST"]
[Termination "dretch won on time"]

1. d4 d5 2. c4 c6 3. Nc3 dxc4 4. Nf3 Nf6 5. g3 g6 6. Bg2 Bg7 7. O-O O-O 8. a4 a5 9. h3 Na6 10. Ne5 Be6 11. e4 Nb4 12. Be3 Nd7 13. Nf3 h6 14. Qd2 Kh7 15. Rad1 Qc8 16. d5 cxd5 17.
exd5 Bf5 18. Bd4 Nf6 19. Rfe1 Re8 20. Ne5 Nc2 21. Nxf7 Nxe1 22. Rxe1 Bxh3 23. Bxf6 exf6 24. Rxe8 Qxe8 25. Nd6 Qd7 26. Bxh3 Qxh3 27. Ncb5 h5 28.
Nc7 Rd8 29. Ndb5 h4 30. Qe3 hxg3 31. fxg3 Rd7 32. d6 Bh6 33. Qf3 Rf7 34. Nd5 Qe6 35. Nf4 Qe1+ 36. Kg2 Qd2+ 37. Kh3 Bxf4 38. gxf4 Kg7 39. f5 Qh6+ 40. Kg2 Qg5+ 41. Kf2 gxf5 42. Qd5 Qf4+ 43. Ke2 Rd7 44. Qe6 Qe5+ 45. Qxe5 fxe5 0-1

[Event "*** Titled Tuesday 3|2 Blitz (Early)"]
[Site "Chess.com"]
[Date "2017.01.03"]
[Round "6"]
[White "MFBerna"]
[Black "yian123"]
[Result "0-1"]
[WhiteElo "2192"]
[BlackElo "2388"]
[TimeControl "180+2"]
[EndTime "12:18:05 PST"]
[Termination "yian123 won on time"]

1. e4 e5 2. Nf3 Nc6 3. Bb5 a6 4.
Ba4 Nf6 5. O-O Be7 6. Re1 b5 7. Bb3 d6 8. c3 O-O 9. h3 Nb8 10.
d4 Nbd7 11. Nbd2 Bb7 12. Bc2 Re8 13. Nf1 Bf8 14. Ng3 g6 15. a4 c5 16. d5 c4 17.
Bg5 Be7 18. Qd2 Nc5 19. Be3 Nfd7 20. Ra3 Qc7 21. Rea1 Nb6 22. axb5 axb5 23. Qc1 Rxa3 24. Rxa3 Ra8 25. Qa1 Rxa3 26. Qxa3 Nba4 27. Qb4 Qd7 28. Nf1 f5 29. exf5 gxf5 30. Bxa4 Nxa4 31. b3 cxb3 32.
Qxb3 Bf6 33. Ng3 f4 34. Ne4 Bd8 35. Bc1 Nb6 36. Ba3 Bxd5 37. Qb4 Nc4 38. Nxd6 Nxa3 39. Nxe5 Qe6 40. Qxf4 Qxd6 41. Qg3+ Kf8 42. Qf4+ Ke8 43. Qe3 Be7 0-1

[Event "*** Titled Tuesday 3|2 Blitz (Early)"]
[Site "Chess.com"]
[Date "2017.01.03"]
[Round "6"]
[White "DuleMudule"]
[Black "BillieKimbah"]
[Result "1-0"]
[WhiteElo "2523"]
[BlackElo "2578"]
[TimeControl "180+2"]
[EndTime "12:18:06 PST"]
[Termination "DuleMudule won on time"]

1. d4 Nf6 2. Nc3 d5 3. Bf4 e6 4. e3 Bb4 5. Bd3 O-O 6. Nf3 c5 7. dxc5 Nbd7 8. Bd6 Re8 9. a3 Bxc5 10. Bg3 a6 11. O-O Be7 12. e4 Nc5 13. e5 Nh5 14.
Nd4 Nxg3 15. hxg3 Qb6 16. b4 Nxd3 17. Qxd3 Bd7 18. Kh2 Rec8 19. Nce2 a5 20. c3 Ra7 21. f4 g6 22. g4 Rca8 23. Rab1 axb4 24. axb4 Ra2 25. f5 Qc7 26. Qe3 Bf6 27. Nf3 exf5 28. Nf4 Bg7 29. Nxd5 Qc4 30. Ne7+ Kf8 31. gxf5 Qg4 32.
Rf2 Kxe7 33. f6+ Kf8 34. fxg7+ Kxg7 35. Rbf1 Bc6 36. e6 Qxe6 37. Qd4+ f6 38. Ng5 Qe5+ 39. Qxe5 fxe5 40. Ne6+ Kh6 41. Kg3 Ra1 42. c4 b6 43. Kh4 Bd7 44. Ng5 Bf5 45. g4 Rxf1 46.
Rxf1 Bd7 47. Rf7 Rh8 48. Rxd7 1-0

[Event "*** Titled Tuesday 3|2 Blitz (Early)"]
[Site "Chess.com"]
[Date "2017.01.03"]
[Round "6"]
[White "Gabrielian_Artur"]
[Black "GrigorGrigorov"]
[Result "1-0"]
[WhiteElo "2671"]
[BlackElo "2497"]
[TimeControl "180+2"]
[EndTime "12:18:13 PST"]
[Termination "Gabrielian_Artur won on time"]

1. e4 g6 2. d4 Bg7 3. Nc3 c6 4.
Nf3 d6 5. Be3 Nf6 6. Qd2 O-O 7.
Bh6 Bg4 8. Bxg7 Kxg7 9. Ng5 e5 10. h3 Bc8 11. O-O-O Qe7 12. f4 Nbd7 13. fxe5 dxe5 14. d5 Nh5 15. Nf3 Re8 16. Bc4 Nb6 17. Bb3 cxd5 18.
exd5 Bd7 19. Rhe1 Qf6 20. Kb1 a5 21. a4 Qf4 22. Qf2 e4 23. Qd4+ Nf6 24. Nd2 Nc8 25. Ndxe4 Qe5 26. Nxf6 Qxf6 27. Qxf6+ Kxf6 28. Ne4+ Kg7 29. Nc5 Nb6 30. Nxb7 Rxe1 31. Rxe1 Nxa4 32. Bxa4 Bxa4 33.
Nc5 Bxc2+ 34. Kxc2 Rc8 35. Kd3 Rxc5 36. Kd4 Rc2 37. d6 Kf6 38. g4 Rxb2 39. Kd5 Rd2+ 40. Kc6 Rc2+ 41. Kb6 Rd2 42. Kc7 Kg5 43. d7 Kh4 44. Re3 h5 45. gxh5 Kxh5 46. d8=Q Rxd8 47. Kxd8 f5 48. Ke7 Kg5 49. Rg3+ Kh4 50. Rxg6 Kxh3 51. Rf6 Kg4 52. Ke6 f4 53. Ke5 f3 54. Ke4 1-0

[Event "*** Titled Tuesday 3|2 Blitz (Early)"]
[Site "Chess.com"]
[Date "2017.01.03"]
[Round "6"]
[White "LonesomeGeorge1"]
[Black "ChristopherYoo"]
[Result "0-1"]
[WhiteElo "2154"]
[BlackElo "2064"]
[TimeControl "180+2"]
[EndTime "12:18:15 PST"]
[Termination "ChristopherYoo won by resignation"]

1. d4 Nf6 2. Bf4 g6 3. Nc3 d6 4. e4 Bg7 5. Qd2 Nbd7 6. O-O-O O-O 7. h4 h5 8. e5 dxe5 9. dxe5 Ng4 10. e6 fxe6 11.
Bc4 Rxf4 12. Qxf4 Bh6 13. Bxe6+ Kh8 14. Nh3 Bxf4+ 15. Nxf4 Nxf2 16. Nxg6+ Kg7 17. Nf4 Nxh1 18. Nxh5+ Kh6 19. g4 Nf2 20. Rd5 c6 21. Rd4 Qf8 22.
Rf4 Nf6 23. Bxc8 Rxc8 24. Nxf6 exf6 25. Rxf2 Re8 26. Rxf6+ Qxf6 27. g5+ Qxg5+ 28. hxg5+ Kxg5 29. b3 Kf4 30. Na4 b6 31. Nb2 Ke5 32. Nd3+ Kd4 33. Kb2 c5 34. Nf4 b5 35. a3 c4 36. b4 Ke3 37.
Nd5+ Kd2 38. Nc7 Rb8 39. Ne6 Re8 40. Nc7 Re5 41. Na6 Re2 42. Nc7 Kd1 43. Nxb5 Rxc2+ 44. Kb1 c3 45. Nd4 Rb2+ 46. Ka1 c2 47. Kxb2 c1=Q+ 48. Kb3 Qe3+ 49. Kc4 Qxa3 50. Nb5 Qa6 51. Kc5 Qb6+ 52. Kc4 Qc6+ 53. Kb3 Qxb5 0-1

[Event "*** Titled Tuesday 3|2 Blitz (Early)"]
[Site "Chess.com"]
[Date "2017.01.03"]
[Round "6"]
[White "Blitzstream"]
[Black "biostatistician"]
[Result "1-0"]
[WhiteElo "2516"]
[BlackElo "2428"]
[TimeControl "180+2"]
[EndTime "12:18:16 PST"]
[Termination "Blitzstream won by resignation"]

1. d4 Nf6 2. Bg5 Ne4 3. Bh4 d5 4. f3 Nd6 5. Nd2 Bf5 6. c4 c6 7. Qb3 dxc4 8. Nxc4 Nxc4 9. Qxc4 Qa5+ 10. Qc3 Qb6 11. a3 Nd7 12. e4 Bg6 13. Bc4 e6 14.
Ne2 Bd6 15. O-O O-O 16. Kh1 e5 17. Bf2 Qc7 18. f4 exf4 19. e5 Nxe5 20. dxe5 Bxe5 21. Bd4 Bxd4 22. Qxd4 Rad8 23. Qxf4 Qxf4 24. Nxf4 Rd2 25. b4 Rd4 26. Rac1 Rd7 27. Kg1 Rfd8 28. h4 Be4 29.
Rfe1 Rd4 30. Bb3 Kf8 31. Rcd1 Rxd1 32. Rxd1 Rxd1+ 33. Bxd1 Ke7 34. Kf2 Kd6 35. Ke3 f5 36. h5 Ke5 37. g3 Kf6 38. Bb3 g5 39. hxg6 hxg6 40. g4 Bb1 41. Bd1 g5 42. Nh5+ Ke5 43.
gxf5 Bxf5 44. Ng3 Be6 45. Bf3 Bc4 46. Ne4 a5 47. bxa5 Kd5 48. Nd2+ Kc5 49. Nxc4 Kxc4 50.
Bxc6 Kc5 51. Bxb7 Kb5 52. a6 Kb6 53. Kf3 Ka7 54. Kg4 Kb8 55. Kxg5 Ka7 56. Kf4 Kb8 57.
Ke4 Ka7 58. Kd4 Kb8 59. Kc4 Ka7 60. Kb4 Kb8 61. Ka5 Ka7 62. Bh1 Kb8 63. Kb6 Kc8 64.
a7 1-0

[Event "*** Titled Tuesday 3|2 Blitz (Early)"]
[Site "Chess.com"]
[Date "2017.01.03"]
[Round "6"]
[White "eldur16"]
[Black "Saitama_Hero"]
[Result "1/2-1/2"]
[WhiteElo "2074"]
[BlackElo "2171"]
[TimeControl "180+2"]
[EndTime "12:18:23 PST"]
[Termination "Game drawn by agreement"]

1. e4 d6 2. d4 g6 3. Nc3 Bg7 4.
Be3 a6 5. Qd2 b5 6. Nf3 Bb7 7.
Bd3 Nf6 8. a3 Ng4 9. Bg5 h6 10.
Bh4 Nc6 11. h3 Nf6 12. e5 dxe5 13. dxe5 Nd5 14. Be4 Nxc3 15. Qxc3 Qd7 16. Rd1 Qe6 17.
Bd5 Nxe5 18. Bxe6 Nxf3+ 19. Qxf3 Bxf3 20. Bd7+ Kf8 21. gxf3 Bxb2 22. Bc6 Rb8 23. Rd3 Rb6 24.
Bd5 c5 25. c4 e6 26. Be4 f5 27. Rd8+ Kf7 28. Rd7+ Ke8 29. Re7+ Kf8 30. Bd3 g5 31. Ra7 gxh4 32. Ke2 bxc4 33. Bxc4 Bd4 34. Rxa6 Rb2+ 35. Kd3 Rxf2 36. Bxe6 Rxf3+ 37. Kc4 Ke7 38. Bd5 Rc3+ 39. Kb5 Rb8+ 40. Kc6 Kf6 41. Re1 Be3 42. Kc7+ Ke5 43.
Kxb8 Kxd5 44. Rf6 f4 45. a4 Ke4 46. Kc7 f3 47. a5 f2 48. Rxf2 Kd4 49. Rfe2 Bf4+ 50.
Kc6 Ra3 51. Re5 Kd3 52. Re6 Rxa5 53. Kb6 Ra4 1/2-1/2

[Event "*** Titled Tuesday 3|2 Blitz (Early)"]
[Site "Chess.com"]
[Date "2017.01.03"]
[Round "6"]
[White "Chopper1905"]
[Black "chito89"]
[Result "1-0"]
[WhiteElo "2605"]
[BlackElo "2514"]
[TimeControl "180+2"]
[EndTime "12:18:33 PST"]
[Termination "Chopper1905 won by resignation"]

1. Nf3 Nf6 2. c4 e6 3. d4 Bb4+ 4. Nbd2 O-O 5. g3 d5 6. Qc2 c5 7. dxc5 Nc6 8. Bg2 Bxc5 9. O-O d4 10. a3 a5 11. Rd1 e5 12. Ng5 h6 13. Nge4 Nxe4 14. Nxe4 Be7 15. e3 Be6 16. b3 f5 17.
Nc3 e4 18. exd4 Nxd4 19. Qb2 Qb6 20. Rb1 Rad8 21. Be3 Bf6 22. Nb5 Nxb5 23. Qxf6 Rxd1+ 24. Rxd1 gxf6 25. Bxb6 Nc3 26. Rd6 a4 27. bxa4 Bxc4 28. a5 Rc8 29. Bh3 Ne2+ 30. Kg2 Bd3 31. Bxf5 Rc1 32. Rd8+ Kf7 33. Rd7+ Ke8 34. Rxb7 Nc3 35. Kh3 Nd5 36. Kh4 Rc2 37. Kh5 Ne7 38. Bg6+ Nxg6 39. Kxg6 e3+ 40. Kxf6 e2 41. Re7+ Kf8 42. Re3 Rc6+ 43.
Ke5 Bc4 44. Kd4 Re6 45. Rxe6 Bxe6 46. Bc5+ Kf7 47. Bb4 Bc8 48. Ke3 Ba6 49. g4 Kg6 50. h3 h5 51. f3 Bb5 52. Kf2 Ba6 53. Kg3 Bb7 54. f4 hxg4 55. hxg4 Bc8 56. Bc3 Bd7 57. Kh4 1-0

[Event "*** Titled Tuesday 3|2 Blitz (Early)"]
[Site "Chess.com"]
[Date "2017.01.03"]
[Round "6"]
[White "Frolyanov_D"]
[Black "VMikhalevski"]
[Result "1-0"]
[WhiteElo "2497"]
[BlackElo "2472"]
[TimeControl "180+2"]
[EndTime "12:18:43 PST"]
[Termination "Frolyanov_D won on time"]

1. e4 e5 2. Nf3 Nc6 3. Bb5 a6 4. Ba4 Nf6 5. O-O Nxe4 6. d4 b5 7.
Bb3 d5 8. dxe5 Be6 9. Nbd2 Nc5 10. c3 Be7 11. Bc2 Bg4 12. Re1 O-O 13. Nf1 d4 14.
h3 Bh5 15. b4 d3 16. Bb1 Na4 17.
Bxd3 Nxc3 18. Qc2 Bxf3 19. gxf3 Bxb4 20. Bxh7+ Kh8 21. Be4 Nd4 22. Qd3 c5 23. a3 c4 24.
Qe3 Nxe4 25. axb4 Ng5 26. Nh2 Nxh3+ 27. Kg2 Nc2 28. Qe4 Nxe1+ 29. Qxe1 Ng5 30. Ng4 Kg8 31.
Qh1 Nxf3 32. Bh6 Nh4+ 33. Kg3 Nf5+ 34. Kf4 Qd4+ 35. Kxf5 Qd3+ 36. Kf4 Rfd8 37. Nf6+ Kf8 38. Bxg7+ Ke7 39. Qh4 Rd4+ 40. Ne4+ Kd7 41. f3 Re8 42. Qf6 Qd2+ 43. Kf5 Qg2 44. Qxf7+ Re7 45. e6+ Kd8 46. Qf8+ Re8 47. Bf6+ Kc7 48. Qc5+ Kb7 49. Qxd4 Qxf3+ 50. Ke5 Qh5+ 51. Ng5 Qh2+ 52. Kf5 Qc2+ 53. Ne4 1-0

[Event "*** Titled Tuesday 3|2 Blitz (Early)"]
[Site "Chess.com"]
[Date "2017.01.03"]
[Round "6"]
[White "PowerThinking2650"]
[Black "bivark"]
[Result "0-1"]
[WhiteElo "2278"]
[BlackElo "2368"]
[TimeControl "180+2"]
[EndTime "12:18:44 PST"]
[Termination "bivark won by resignation"]

1. e4 c5 2. Nf3 e6 3. d4 cxd4 4.
Nxd4 a6 5. Bd3 Nf6 6. O-O d6 7. c4 Qc7 8. b3 Nbd7 9. Bb2 Be7 10. Nc3 b6 11. Rc1 Bb7 12. Bb1 O-O 13. Qf3 Rac8 14. Qh3 Rfe8 15. Kh1 Qc5 16. f4 Qh5 17. Qxh5 Nxh5 18.
g4 Nxf4 19. Rxf4 e5 20. Rf2 exd4 21. Nd5 Bxd5 22. exd5 Bf6 23. Rcf1 Re7 24. Rd2 Rce8 25. Bf5 Nc5 26. Bxd4 Bxd4 27. Rxd4 a5 28. Rd2 Re3 29. Rdf2 R8e7 30. Bc2 g6 31. Kg2 Kg7 32. h3 h6 33. Rb1 Rc3 34. a3 Ree3 35. b4 axb4 36. axb4 Rg3+ 37. Kf1 Nd7 38. c5 bxc5 39. b5 Rxh3 40.
Be4 Nb6 41. Ra1 Rhe3 42. Ra7 h5 43. g5 Kf8 44. Rfxf7+ Ke8 45. Rae7+ Kd8 46. Bxg6 Rxe7 47. Rf8+ Kc7 48. Bf5 Rf3+ 49. Kg2 Rxf5 50. Rxf5 c4 51. Kg3 c3 52. Kh4 c2 53. Rf1 Nxd5 54. Rc1 Nb4 55. g6 d5 56. Kxh5 d4 57. Kh6 d3 58.
g7 Rxg7 59. Kxg7 d2 0-1

[Event "*** Titled Tuesday 3|2 Blitz (Early)"]
[Site "Chess.com"]
[Date "2017.01.03"]
[Round "6"]
[White "Keranke"]
[Black "Anton_Demchenko"]
[Result "0-1"]
[WhiteElo "2595"]
[BlackElo "2641"]
[TimeControl "180+2"]
[EndTime "12:18:46 PST"]
[Termination "Anton_Demchenko won on time"]

1. d4 Nf6 2. c4 g6 3. Nc3 Bg7 4.
e4 O-O 5. Be2 d6 6. Be3 e5 7. d5 Na6 8. g4 Nc5 9. f3 h5 10. g5 Nh7 11. h4 f6 12. Qd2 fxg5 13.
hxg5 Rf4 14. Bxf4 exf4 15. Qxf4 Nxg5 16. Qe3 Qe7 17. O-O-O Bd7 18. Bd3 Rf8 19. f4 Bxc3 20. bxc3 Nxd3+ 21. Rxd3 Qxe4 22. Qxe4 Nxe4 23. Rd4 Ng3 24. Rh2 g5 25. Rg2 h4 26. fxg5 Rf1+ 27. Kd2 Nf5 28. Re4 Ra1 29. Kd3 Rd1+ 30. Kc2 Ba4+ 31.
Kb2 Rd3 32. Rf4 Ne3 33. Rh2 Nd1+ 34. Ka3 Bd7 35. Rf3 Rxf3 36. Nxf3 h3 37. Ng1 Nxc3 38.
Nxh3 Ne4 39. Nf4 a6 40. Re2 Bf5 41. Ne6 c5 42. Rb2 b5 43. cxb5 axb5 44. Rxb5 Kf7 45.
Rb7+ Kg6 46. Rg7+ Kh5 47. Rg8 c4 48. Kb2 c3+ 49. Kc1 Kg4 50. Nd4 Bd7 51. g6 Nc5 52. g7 Ba4 0-1

[Event "*** Titled Tuesday 3|2 Blitz (Early)"]
[Site "Chess.com"]
[Date "2017.01.03"]
[Round "6"]
[White "macko06"]
[Black "rst2003"]
[Result "1-0"]
[WhiteElo "2284"]
[BlackElo "2116"]
[TimeControl "180+2"]
[EndTime "12:18:50 PST"]
[Termination "macko06 won by resignation"]

1. d4 Nf6 2. Nf3 g6 3. Bg5 Bg7 4. Nbd2 O-O 5. e4 d6 6. Bd3 Nbd7 7. c3 c5 8. O-O Qc7 9. Qe2 e6 10. h3 h6 11. Bf4 e5 12. dxe5 dxe5 13. Bh2 Ne8 14.
Bc4 Nd6 15. Rfd1 a6 16. a4 b6 17. Bd5 Bb7 18. Nc4 Bxd5 19. Rxd5 Nxc4 20. Qxc4 Rfd8 21.
Rad1 Kh7 22. Qd3 Ra7 23. Rd6 Bf8 24. Rd5 f6 25. Nh4 Be7 26. Qg3 Nf8 27. Rxd8 Bxd8 28.
Qd3 Be7 29. Qd5 Kg7 30. g4 Qb7 31. Ng2 Qxd5 32. Rxd5 Rd7 33. Ne3 Rxd5 34. Nxd5 Bd8 35. f3 Kf7 36. Kf2 Ke6 37. Ke2 Nd7 38. Bg1 Kd6 39.
Be3 g5 40. Kd3 b5 41. axb5 axb5 42. c4 b4 43. Kc2 Nb6 44. Kb3 Kc6 45. Bd2 Nxd5 46.
exd5+ Kb6 47. Kc2 Be7 48. b3 Kc7 49. Kd3 Kd6 50. Ke4 Bf8 51. Kf5 Kd7 52. Kxf6 Kd6 53. Kf7 Be7 54. Kg6 Bf8 55. Kf7 Be7 56. Kg7 e4 57. fxe4 Ke5 58. Kf7 Bd6 59. Kg6 Kxe4 60. Kxh6 Kd3 61. Bxg5 Kc3 62. Kg6 Kxb3 63. h4 Kxc4 64.
Bf6 Kxd5 65. h5 b3 66. h6 Be5 67. Bxe5 Kxe5 68. h7 Kd4 69. h8=Q+ Kd3 70. Qb2 c4 71. Kf5 c3 72. Qxb3 Kd2 73. Qxc3+ Kxc3 74. g5 Kd4 75. g6 Kd5 76. g7 Kd6 77. g8=Q 1-0

[Event "*** Titled Tuesday 3|2 Blitz (Early)"]
[Site "Chess.com"]
[Date "2017.01.03"]
[Round "6"]
[White "Divertissement"]
[Black "GMNeiksans"]
[Result "1-0"]
[WhiteElo "2457"]
[BlackElo "2622"]
[TimeControl "180+2"]
[EndTime "12:18:54 PST"]
[Termination "Divertissement won on time"]

1. c4 e5 2. Nc3 Nf6 3. g3 Bb4 4.
Bg2 O-O 5. Nf3 Re8 6. O-O e4 7. Ng5 Bxc3 8. bxc3 h6 9. Nh3 b6 10. Rb1 Bb7 11. c5 Bd5 12. cxb6 axb6 13. a3 Na6 14.
Nf4 Bc6 15. d3 Nc5 16. d4 Ba4 17. Qe1 Nb3 18. f3 Na5 19. g4 Bc2 20. Rb5 exf3 21. Bxf3 Be4 22. g5 hxg5 23. Rxg5 Bxf3 24. Rxf3 Ne4 25.
Rg2 Nc4 26. Nh5 g6 27. Nf4 Ra5 28. Nxg6 fxg6 29. Rxg6+ Kh7 30. Rh6+ Kg7 31. Rg3+ Kf7 32. Qf1+ Nf6 33. Bg5 Rxg5 34. Rxg5 Nd6 35. Qf3 Ne4 36.
Rh7+ Ke6 37. Qf5+ Kd6 38. Rg6 Kc6 39. Rf7 Kb7 40. Rfxf6 Nxf6 41. Qxf6 Qa8 42. Qf3+ c6 43. Rg7 Rd8 44. d5 c5 45. d6+ Ka7 46. Qxa8+ Kxa8 47. h4 Kb7 48. h5 Kc6 49. h6 Kxd6 50. h7 Rh8 51. Kf2 Kd5 52. Ke3 Kc4 53. Kd2 d5 54.
Rb7 Kb3 55. Rxb6+ Kxa3 56. Rh6 Kb3 57. Rh5 d4 58. cxd4 c4 59. Rb5+ Ka4 60. Rb7 1-0

[Event "*** Titled Tuesday 3|2 Blitz (Early)"]
[Site "Chess.com"]
[Date "2017.01.03"]
[Round "6"]
[White "mwpchess"]
[Black "johnathan113"]
[Result "1-0"]
[WhiteElo "2445"]
[BlackElo "2327"]
[TimeControl "180+2"]
[EndTime "12:19:15 PST"]
[Termination "mwpchess won by checkmate"]

1. c4 Nf6 2. g3 g6 3. Bg2 Bg7 4.
Nc3 O-O 5. d3 d6 6. Rb1 e5 7. b4 Nc6 8. e3 h5 9. Nge2 h4 10. Nd5 h3 11. Bf3 Nxd5 12. Bxd5 Ne7 13. Bf3 f5 14. O-O c6 15. Bb2 Be6 16. Qc2 d5 17. Bh1 Qd7 18. Rbd1 d4 19. exd4 exd4 20.
Nf4 Bf7 21. Nxh3 f4 22. Nxf4 g5 23. Ng2 Qh3 24. Bc1 Bf6 25. f4 Bh5 26. Rde1 Ng6 27. f5 Ne5 28. Rxe5 Bxe5 29. Bxg5 Rxf5 30. Bf4 Raf8 31.
Re1 Bxf4 32. Nxf4 Qg4 33. Bg2 Bf7 34. Qe2 Qg7 35. Kh1 Re8 36. Be4 Rfe5 37. Qf3 Qf6 38. Qg4+ Rg5 39. Qd7 Rd8 40. Qxb7 Qh6 41. Qxc6 Rd6 42.
Qc8+ Kg7 43. Qh3 Qf6 44. Rf1 Qe7 45. Qh7+ Kf8 46. Qh8+ Rg8 47. Qh7 Ke8 48. Bd5 Rf8 49. Bxf7+ Rxf7 50. Qh5 Kd7 51. Qb5+ Kc8 52. Qc5+ Kb8 53.
Qb5+ Ka8 54. c5 Rh6 55. c6 Rfh7 56. h3 Qe3 57. Kg2 Rf6 58. Rf3 Qd2+ 59. Rf2 Qe3 60. Qd5 Kb8 61. Qd8# 1-0

[Event "*** Titled Tuesday 3|2 Blitz (Early)"]
[Site "Chess.com"]
[Date "2017.01.03"]
[Round "6"]
[White "Hamisandwich"]
[Black "FastChance"]
[Result "0-1"]
[WhiteElo "2381"]
[BlackElo "2498"]
[TimeControl "180+2"]
[EndTime "12:19:25 PST"]
[Termination "FastChance won by resignation"]

1. a3 e6 2. b4 Nf6 3. Bb2 Be7 4.
c4 c5 5. bxc5 Bxc5 6. d4 Be7 7.
Nc3 O-O 8. e4 d6 9. f4 b6 10.
Nf3 Bb7 11. Bd3 Re8 12. O-O d5 13. cxd5 exd5 14. e5 Ne4 15. f5 Bf8 16. Qc2 Nxc3 17.
Bxc3 Nc6 18. f6 g6 19. h4 Qd7 20. Nh2 Rac8 21. Qd2 Qc7 22. Bb2 Na5 23. h5 Nc4 24. Qg5 Nxb2 25. hxg6 Nxd3 26. gxh7+ Kxh7 27. Qf5+ Kh8 28.
Qh5+ Kg8 29. Qg5+ Kh7 30. Rf3 Nf2 31. Kxf2 Qc2+ 32. Kg1 Bh6 33. Rh3 Qg6 34. Qh4 Rh8 35. Ng4 Rc2 36. Qxh6+ Qxh6 37. Rxh6+ Kg8 38. Rxh8+ Kxh8 39. Rf1 Bc8 40. Ne3 Rd2 41. Nxd5 Rxd4 42. Ne7 Be6 43.
Kf2 Rh4 44. Kg3 Rh5 45. Kf4 Kh7 46. g3 Kh6 47. Rd1 Rh2 48. Rd8 Kh7 49. Ra8 a5 50. Ra6 Rf2+ 51. Kg5 Re2 52. Rxb6 Rxe5+ 53. Kf4 Rc5 54. Rb2 Rc4+ 55. Ke5 Kh6 56. Rb5 a4 57. Kd6 Rc3 58. Ng8+ Kg6 59. Ne7+ Kxf6 60. Nc6 Rxa3 61. Rb4 Rd3+ 62. Kc7 a3 63. Rf4+ Kg5 64. Ne5 Rxg3 65.
Ra4 Rc3+ 66. Kd6 a2 67. Ke7 Rc1 68. Nxf7+ Bxf7 0-1

[Event "*** Titled Tuesday 3|2 Blitz (Early)"]
[Site "Chess.com"]
[Date "2017.01.03"]
[Round "6"]
[White "visa"]
[Black "Morshynska"]
[Result "1-0"]
[WhiteElo "2150"]
[BlackElo "2085"]
[TimeControl "180+2"]
[EndTime "12:20:01 PST"]
[Termination "visa won by resignation"]

1. e4 e5 2. d4 exd4 3. Qxd4 Nc6 4. Qe3 Nf6 5. Bd2 Bb4 6. Nc3 O-O 7. O-O-O Re8 8. f3 d5 9. Qf2 d4 10. Nb5 Bc5 11. Bf4 Bb6 12. Ne2 d3 13. Qe1 a6 14.
Rxd3 Qe7 15. Nbc3 Be6 16. a3 Bc5 17. Nd5 Bxd5 18. exd5 Ne5 19. Bxe5 Qxe5 20. Qc3 Be3+ 21. Kb1 Nxd5 22. Qxe5 Rxe5 23. c4 Nb6 24. f4 Re7 25. b3 a5 26. Nc3 a4 27. bxa4 Nxc4 28. Nd5 Re4 29. Rc3 b5 30. Bxc4 bxc4 31. Rxe3 Rb8+ 32.
Ka2 Rd4 33. Re2 Rxd5 34. Rhe1 g6 35. g3 Kg7 36. Rc2 Rd3 37. Rec1 Rbb3 38. Rxc4 Rxa3+ 39. Kb2 Rxa4 40. Rxa4 Rd2+ 41. Rc2 Rd7 42. Rac4 h5 43. Rxc7 Rd3 44. R7c3 Rd5 45. Re2 h4 46. Rb3 hxg3 47.
hxg3 g5 48. fxg5 Rxg5 49. Re7 Rf5 50. g4 Rf4 51. Rbb7 Kg6 52. Kc2 Rf3 53. Kd2 Rf6 54. Ke2 Rf4 55. Ke3 Rf6 56. g5 Rf1 57. Kd4 Rf4+ 58.
Ke3 Rf1 59. Rb6+ Kxg5 60. Re5+ f5 61. Rb2 Re1+ 62. Re2 Rg1 63. Kf2 Rg4 64. R2e3 Rd4 65. Rf3 Rd2+ 66. Ke1 Ra2 67. Rexf5+ Kg4 68. Rf8 Rb2 69. Rf2 Rb1+ 70. Ke2 Rb2+ 71. Kd3 1-0

[Event "*** Titled Tuesday 3|2 Blitz (Early)"]
[Site "Chess.com"]
[Date "2017.01.03"]
[Round "6"]
[White "Th3ChessViking"]
[Black "gumersindo"]
[Result "1-0"]
[WhiteElo "2420"]
[BlackElo "2347"]
[TimeControl "180+2"]
[EndTime "12:20:10 PST"]
[Termination "Th3ChessViking won by resignation"]

1. d4 d5 2. Bf4 Nf6 3. e3 c5 4. c3 Nc6 5. Nd2 Qb6 6. Qb3 c4 7.
Qc2 g6 8. Ngf3 Bf5 9. Qc1 Qd8 10. h3 Ne4 11. Be2 Bg7 12. O-O O-O 13. Nxe4 Bxe4 14. Nd2 Bf5 15. e4 Bxe4 16. Nxe4 dxe4 17. Bxc4 Na5 18.
Be2 f5 19. Qe3 Rc8 20. Rad1 Nc4 21. Qc1 b5 22. f3 exf3 23. Bxf3 Kh8 24. Bb7 Qd7 25.
Bxc8 Rxc8 26. Rfe1 Nb6 27. Be5 Nd5 28. Bxg7+ Kxg7 29.
Re5 e6 30. Rde1 Rc6 31. Qd1 b4 32. cxb4 Nxb4 33. a3 Nd5 34. Qe2 Kf7 35. Kh1 Nf6 36. Qe3 Rd6 37. Qh6 Kg8 38. Qe3 Ne4 39. Qb3 Kf7 40.
Kg1 Rxd4 41. Qb8 Rd2 42. R5xe4 fxe4 43. Qf4+ Kg7 44. Qxe4 Rd6 45. Qe5+ Kg8 46. Kh2 Rd2 47. Qxe6+ Qxe6 48. Rxe6 Rxb2 49. Re7 a5 50. Re5 Kg7 51. Rxa5 h5 52. Kg3 Rb3+ 53. Kh4 Rb2 54. g4 hxg4 55. hxg4 Kh6 56. Ra6 Rh2+ 57. Kg3 Rb2 58. Kf4 Rf2+ 59. Kg3 Rb2 60. Kf3 Kg5 61. Ra5+ Kh4 62. Ra6 Kg5 63.
Ra5+ Kh4 64. g5 Kh5 65. a4 Rb4 66. Ke3 Rb1 67. Kd4 Rd1+ 68. Kc4 Rc1+ 69. Kb4 Rb1+ 70. Kc3 Rc1+ 71. Kb2 Rg1 72. Rb5 Rg4 73. Kb3 Rg3+ 74.
Kb4 Rg4+ 75. Kb3 Rg3+ 76. Kb2 Rg4 77. a5 Ra4 78. Kb3 Ra1 79. Kb4 Rb1+ 80. Kc4 Ra1 81.
Rc5 Kg4 82. Kb5 Kf4 83. Kb6 Rb1+ 84. Rb5 Ra1 85. a6 1-0

[Event "*** Titled Tuesday 3|2 Blitz (Early)"]
[Site "Chess.com"]
[Date "2017.01.03"]
[Round "6"]
[White "Dr-Bassem"]
[Black "jb2mix"]
[Result "1-0"]
[WhiteElo "2659"]
[BlackElo "2429"]
[TimeControl "180+2"]
[EndTime "12:20:42 PST"]
[Termination "Dr-Bassem won by checkmate"]

1. e4 e5 2. Nf3 Nc6 3. Bb5 a6 4.
Ba4 Nf6 5. Qe2 b5 6. Bb3 Be7 7.
a4 Rb8 8. axb5 axb5 9. d4 d6 10. d5 Nd4 11. Nxd4 exd4 12. Qd3 O-O 13. Qxd4 Nd7 14.
O-O Nc5 15. Nc3 Bf6 16. Qb4 Re8 17. Re1 Be5 18. g3 Bg4 19. Be3 Bf3 20. Bxc5 dxc5 21. Qxc5 Qd7 22. Qe3 Bxc3 23. bxc3 Bxe4 24. Qd4 Qf5 25.
f4 h5 26. d6 cxd6 27. Ra7 d5 28. Raa1 h4 29. Qf2 hxg3 30. hxg3 Rbc8 31. Re3 g6 32.
Rae1 Kg7 33. Qd2 Rh8 34. Qd4+ Kg8 35. Rxe4 dxe4 36. Rxe4 Qh3 37. Qd3 Qh1+ 38. Kf2 Rh2+ 39. Ke3 Qe1+ 40. Kd4 Qf2+ 41. Qe3 Rd8+ 42. Kc5 Kg7 43.
Qxf2 Rxf2 44. Re7 Rf8 45. Re3 Rb8 46. Re7 Rf8 47. Re3 Rb8 48. Re7 Rf8 49. Kxb5 Rf3 50.
c4 Rxg3 51. c5 Rc3 52. Kb4 Rf3 53. Re4 Kf6 54. c6 Kf5 55. Re7 Rxf4+ 56. Kc5 Kf6 57. Rd7 Rf3 58. Kd4 Rf4+ 59. Ke3 Rf5 60. Kd4 Rf4+ 61.
Kd5 Rf5+ 62. Kd6 g5 63. c7 Ra5 64. Rd8 Ra8 65. Rxa8 Rxa8 66. Bd5 Rf8 67. Bb7 g4 68. c8=Q Rxc8 69. Bxc8 Kg5 70. c4 f5 71. Ke5 f4 72. Ke4 f3 73. Ke3 Kh4 74. c5 Kg3 75. c6 f2 76. Ba6 Kh2 77. c7 g3 78.
c8=Q g2 79. Qh8+ Kg1 80. Qg7 f1=Q 81. Bxf1 Kxf1 82. Qa1# 1-0